AA
CLEBURNE RAILROADERS @ LINCOLN SALTDOGS
05/02/2099
 
TOP OF THE 1ST
Winnipeg Goldeyes batting - Pitching for Sioux Falls Canaries : LHP Jim Stanaway
Pitching: LHP Jim Stanaway
Batting: RHB Bobby Gallardo 0-0: Called Strike
0-1: Ball
1-1: Ground out 6-3 (Groundball, 6, EV 83.1 MPH)
Batting: RHB Miguel Portillo 0-0: Ball
1-0: Called Strike
1-1: Fly out, F3 (Popup, 3S, EV 70.0 MPH)
Batting: RHB Quint Kuyper 0-0: Called Strike
0-1: Called Strike
0-2: Ball
1-2: Foul Ball, location: 3F
1-2: Ball
2-2: Ball
3-2: SINGLE (Line Drive, 3D, EV 105.6 MPH)
Batting: RHB Jacob Washington 0-0: Ball
1-0: Called Strike
1-1: Swinging Strike
1-2: Ground out 4-3 (Groundball, 4, EV 70.6 MPH)
Top of the 1st over - 0 runs, 1 hit, 0 errors, 1 left on base; Winnipeg 0 - Sioux Falls 0
BOTTOM OF THE 1ST
Sioux Falls Canaries batting - Pitching for Winnipeg Goldeyes : RHP Tony Aguirre
Pitching: RHP Tony Aguirre
Batting: LHB Lizandro Grumbine 0-0: Called Strike
0-1: Foul Ball, location: 9LSFF
0-2: Ball
1-2: Ball
2-2: Ball
3-2: Strikes out swinging
Batting: LHB Josh Peterson 0-0: Ball
1-0: Ball
2-0: Foul Ball, location: 2F
2-1: Called Strike
2-2: Strikes out swinging
Batting: SHB Willie Pacheco 0-0: Ball
1-0: Ground out 4-3 (Groundball, 34D, EV 85.6 MPH)
Bottom of the 1st over - 0 runs, 0 hits, 0 errors, 0 left on base; Winnipeg 0 - Sioux Falls 0
TOP OF THE 2ND
Winnipeg Goldeyes batting - Pitching for Sioux Falls Canaries : LHP Jim Stanaway
Batting: RHB Ernesto Quintero 0-0: Ball
1-0: Swinging Strike
1-1: Ball
2-1: Called Strike
2-2: Ground out 6-3 (Groundball, 6M, EV 106.9 MPH)
Batting: RHB Jared Rowlett 0-0: Ball
1-0: Ball
2-0: Ball
3-0: Called Strike
3-1: Called Strike
3-2: Fly out, F9 (Flyball, 9, EV 95.6 MPH)
Batting: RHB Jason Hughey 0-0: Called Strike
0-1: Called Strike
0-2: Ground out 4-3 (Groundball, 4D, EV 84.4 MPH)
Top of the 2nd over - 0 runs, 0 hits, 0 errors, 0 left on base; Winnipeg 0 - Sioux Falls 0
BOTTOM OF THE 2ND
Sioux Falls Canaries batting - Pitching for Winnipeg Goldeyes : RHP Tony Aguirre
Batting: RHB Dylan Hull 0-0: Ball
1-0: Swinging Strike
1-1: Ball
2-1: Ball
3-1: Swinging Strike
3-2: Base on Balls
Batting: LHB Arturo Gonzalez 0-0: Fly out, F9 (Flyball, 89M, EV 93.8 MPH)
Batting: RHB Vinny Martinez 0-0: Called Strike
0-1: Swinging Strike
0-2: Fly out, F3 (Popup, 3SF, EV 74.4 MPH)
Batting: LHB Oscar Cruz 0-0: Ball
1-0: Ball
2-0: Called Strike
2-1: Ball
3-1: Foul Ball, location: 2RF
3-2: Base on Balls
Dylan Hull to second
Batting: RHB Mike Elsner 0-0: Ball
1-0: Ball
2-0: Called Strike
2-1: Fly out, F9 (Flyball, 89M, EV 81.9 MPH)
Bottom of the 2nd over - 0 runs, 0 hits, 0 errors, 2 left on base; Winnipeg 0 - Sioux Falls 0
TOP OF THE 3RD
Winnipeg Goldeyes batting - Pitching for Sioux Falls Canaries : LHP Jim Stanaway
Batting: LHB Chase Erickson 0-0: Ground out 6-3 (Groundball, 6, EV 104.4 MPH)
Batting: RHB Joel Apodaca 0-0: Ground out 5-3 (Groundball, 5D, EV 102.5 MPH)
Batting: RHB Bobby Gallardo 0-0: Called Strike
0-1: Ground out 4-3 (Groundball, 4S, EV 86.9 MPH)
Top of the 3rd over - 0 runs, 0 hits, 0 errors, 0 left on base; Winnipeg 0 - Sioux Falls 0
BOTTOM OF THE 3RD
Sioux Falls Canaries batting - Pitching for Winnipeg Goldeyes : RHP Tony Aguirre
Batting: LHB Jerry Estrada 0-0: Ball
1-0: Ground out 1-3 (Groundball, 13S, EV 63.8 MPH)
Batting: LHB Lizandro Grumbine 0-0: Foul Ball, location: 2LF
0-1: Called Strike
0-2: Strikes out swinging
Batting: LHB Josh Peterson 0-0: Called Strike
0-1: Foul Ball, location: 3DF
0-2: Ball
1-2: Ball
2-2: Foul Ball, location: 2F
2-2: Foul Ball, location: 2F
2-2: Ball
3-2: Base on Balls
Batting: SHB Willie Pacheco 0-0: Foul Ball, location: 3FF
0-1: Ball
1-1: Ground out 4-3 (Groundball, 4, EV 86.9 MPH)
Bottom of the 3rd over - 0 runs, 0 hits, 0 errors, 1 left on base; Winnipeg 0 - Sioux Falls 0
TOP OF THE 4TH
Winnipeg Goldeyes batting - Pitching for Sioux Falls Canaries : LHP Jim Stanaway
Batting: RHB Miguel Portillo 0-0: Ball
1-0: Ball
2-0: Foul Ball, location: 9LDF
2-1: Ball
3-1: Ground out 5-3 (Groundball, 56S, EV 72.5 MPH)
Batting: RHB Quint Kuyper 0-0: Called Strike
0-1: Ball
1-1: Foul Ball, location: 3FF
1-2: SOLO HOME RUN (Flyball, 7D, EV 110.6 MPH), Distance : 404 ft
Batting: RHB Jacob Washington 0-0: Called Strike
0-1: SINGLE (Groundball, 6MD, EV 96.3 MPH)
Batting: RHB Ernesto Quintero 0-0: Called Strike
0-1: Ball
1-1: SINGLE (Line Drive, 7LS, EV 100.0 MPH)
Jacob Washington to second
Batting: RHB Jared Rowlett 0-0: Foul Ball, location: 3F
0-1: Ball
1-1: Ball
2-1: Ball
3-1: Base on Balls
Jacob Washington to third
Ernesto Quintero to second
Batting: RHB Jason Hughey 0-0: Foul Ball, location: 2LF
0-1: Ball
1-1: Foul Ball, location: 2F
1-2: Strikes out swinging
Batting: LHB Chase Erickson 0-0: Called Strike
0-1: Fly out, F7 (Flyball, 7, EV 80.0 MPH)
Top of the 4th over - 1 run, 3 hits, 0 errors, 3 left on base; Winnipeg 1 - Sioux Falls 0
BOTTOM OF THE 4TH
Sioux Falls Canaries batting - Pitching for Winnipeg Goldeyes : RHP Tony Aguirre
Batting: RHB Dylan Hull 0-0: Ball
1-0: Called Strike
1-1: Ball
2-1: Foul Ball, location: 9LDF
2-2: Strikes out swinging
Batting: LHB Arturo Gonzalez 0-0: Ball
1-0: Called Strike
1-1: Called Strike
1-2: Strikes out swinging
Batting: RHB Vinny Martinez 0-0: Called Strike
0-1: Ball
1-1: Ball
2-1: Foul Ball, location: 9LDF
2-2: Fly out, F9 (Flyball, 89M, EV 94.4 MPH)
Bottom of the 4th over - 0 runs, 0 hits, 0 errors, 0 left on base; Winnipeg 1 - Sioux Falls 0
TOP OF THE 5TH
Winnipeg Goldeyes batting - Pitching for Sioux Falls Canaries : LHP Jim Stanaway
Batting: RHB Joel Apodaca 0-0: Called Strike
0-1: DOUBLE (Flyball, 89XD, EV 106.9 MPH) - OUT at third base trying to stretch hit.
Batting: RHB Bobby Gallardo 0-0: Ball
1-0: Ball
2-0: Ball
3-0: Base on Balls
Pinch Hitting: LHB Rafael Valdivia 0-0: Foul Ball, location: 2F
0-1: Fly out, F8 (Flyball, 78D, EV 103.1 MPH)
Batting: RHB Quint Kuyper 0-0: Ball
1-0: Called Strike
1-1: Ball
2-1: Foul Ball, location: 2F
2-2: Foul Ball, location: 25FF
2-2: Strikes out looking
Top of the 5th over - 0 runs, 1 hit, 0 errors, 1 left on base; Winnipeg 1 - Sioux Falls 0
BOTTOM OF THE 5TH
Sioux Falls Canaries batting - Pitching for Winnipeg Goldeyes : RHP Tony Aguirre
Now at 3B: Joe Jackson
Now in LF: Jairo Lebron
Now in CF: Todd Snell
Batting: LHB Oscar Cruz 0-0: Foul Ball, location: 7LMF
0-1: Ball
1-1: Called Strike
1-2: Ball
2-2: Fly out, F6 (Popup, 6, EV 61.9 MPH)
Batting: RHB Mike Elsner 0-0: Foul Ball, location: 2F
0-1: Ball
1-1: Ball
2-1: Fly out, F9 (Line Drive, 9LM, EV 90.0 MPH)
Batting: LHB Jerry Estrada 0-0: Foul Ball, location: 2F
0-1: Ball
1-1: Called Strike
1-2: Foul Ball, location: 2F
1-2: Ball
2-2: Ball
3-2: SINGLE (Line Drive, 7LS, EV 89.4 MPH)
Pinch Hitting: RHB Scott Carter 0-0: Ball
Jerry Estrada steals 2nd base
1-0: Called Strike
1-1: Swinging Strike
1-2: Ball
2-2: Foul Ball, location: 7LDF
2-2: Ground out 3-1 (Groundball, 34S, EV 85.6 MPH)
Bottom of the 5th over - 0 runs, 1 hit, 0 errors, 1 left on base; Winnipeg 1 - Sioux Falls 0
TOP OF THE 6TH
Winnipeg Goldeyes batting - Pitching for Sioux Falls Canaries : LHP Jim Stanaway
Pitching: RHP Carlos Aguilar
Now in LF: Scott Carter
Now in RF: Josh Peterson
Batting: LHB Kyle Duffy 0-0: Fly out, F7 (Line Drive, 78M, EV 95.0 MPH)
Batting: LHB Todd Snell 0-0: Called Strike
0-1: Ball
1-1: Called Strike
1-2: Foul Ball, location: 2F
1-2: SINGLE (Line Drive, 4MD, EV 95.6 MPH)
Batting: RHB Jared Rowlett 0-0: Ball
1-0: Ball
2-0: Called Strike
2-1: SINGLE (Flyball, 8LM, EV 90.0 MPH)
Todd Snell to second
Runner from 2nd tries for 3rd, SAFE, no throw by CF
Batting: RHB Jason Hughey 0-0: Fly out, F7 (Flyball, 78D, EV 108.1 MPH)
Runner from 3rd tags up, SCORES, no throw by LF
Batting: LHB Joe Jackson 0-0: Swinging Strike
0-1: Ball
1-1: Foul Ball, location: 2F
1-2: Ball
2-2: Strikes out swinging
Top of the 6th over - 1 run, 2 hits, 0 errors, 1 left on base; Winnipeg 2 - Sioux Falls 0
BOTTOM OF THE 6TH
Sioux Falls Canaries batting - Pitching for Winnipeg Goldeyes : RHP Tony Aguirre
Pitching: RHP Tom Renteria
Now at C: Francisco Cardenas
Pinch Hitting: RHB Enrique Villanueva 0-0: Called Strike
0-1: Ball
1-1: Ball
2-1: Foul Ball, location: 2F
2-2: Strikes out swinging
Pinch Hitting: RHB Jeff McGraw 0-0: Ball
1-0: Ground out U3 (Groundball, 3, EV 103.8 MPH)
Batting: LHB Scott Sico 0-0: SINGLE (Line Drive, 34, EV 96.3 MPH)
Pinch Hitting: RHB Sergio Guerrero 0-0: Ball
1-0: Ball
2-0: Fly out, F8 (Flyball, 8RM, EV 95.6 MPH)
Bottom of the 6th over - 0 runs, 1 hit, 0 errors, 1 left on base; Winnipeg 2 - Sioux Falls 0
TOP OF THE 7TH
Winnipeg Goldeyes batting - Pitching for Sioux Falls Canaries : RHP Carlos Aguilar
Now at 1B: Sergio Guerrero
Now at 2B: Jeff McGraw
Now in CF: Enrique Villanueva
Now in RF: Oscar Cruz
Batting: RHB Joel Apodaca 0-0: Ball
1-0: Ball
2-0: Foul Ball, location: 3FF
2-1: Ball
3-1: Base on Balls
Batting: RHB Bobby Gallardo 0-0: Ball
1-0: Grounds into double play, 5-4-3 (Groundball, 56, EV 106.3 MPH)
Batting: RHB Jairo Lebron 0-0: Ball
1-0: Foul Ball, location: 3SF
1-1: Fly out, F9 (Flyball, 89M, EV 93.8 MPH)
Top of the 7th over - 0 runs, 0 hits, 0 errors, 0 left on base; Winnipeg 2 - Sioux Falls 0
BOTTOM OF THE 7TH
Sioux Falls Canaries batting - Pitching for Winnipeg Goldeyes : RHP Tom Renteria
Batting: RHB Vinny Martinez 0-0: Ball
1-0: Foul Ball, location: 9LSF
1-1: Ball
2-1: Foul Ball, location: 2F
2-2: Foul Ball, location: 9LSF
2-2: Foul Ball, location: 3F
2-2: Foul Ball, location: 2LF
2-2: Fly out, F8 (Flyball, 8RS, EV 91.9 MPH)
Batting: LHB Oscar Cruz 0-0: Called Strike
0-1: Called Strike
0-2: Ball
1-2: Ground out 4-3 (Groundball, 4, EV 101.9 MPH)
Batting: RHB Mike Elsner 0-0: Ground out 3-1 (Groundball, 34, EV 84.4 MPH)
Bottom of the 7th over - 0 runs, 0 hits, 0 errors, 0 left on base; Winnipeg 2 - Sioux Falls 0
TOP OF THE 8TH
Winnipeg Goldeyes batting - Pitching for Sioux Falls Canaries : RHP Carlos Aguilar
Pitching: RHP Kevin Houchin
Batting: RHB Quint Kuyper 0-0: Ball
1-0: Ball
2-0: Ball
3-0: Called Strike
3-1: Foul Ball, location: 2F
3-2: Fly out, F6 (Line Drive, 56D, EV 68.1 MPH)
Batting: LHB Kyle Duffy 0-0: Ball
1-0: Called Strike
1-1: SOLO HOME RUN (Flyball, 9LD, EV 93.1 MPH), Distance : 361 ft
Batting: LHB Todd Snell 0-0: Ball
1-0: Ball
2-0: Ball
3-0: Fly out, F8 (Flyball, 8LD, EV 95.6 MPH)
Batting: RHB Jared Rowlett 0-0: Ball
1-0: Ball
2-0: Foul Ball, location: 25F
2-1: Ground out 6-3 (Groundball, 6, EV 86.9 MPH)
Top of the 8th over - 1 run, 1 hit, 0 errors, 0 left on base; Winnipeg 3 - Sioux Falls 0
BOTTOM OF THE 8TH
Sioux Falls Canaries batting - Pitching for Winnipeg Goldeyes : RHP Tom Renteria
Batting: LHB Jerry Estrada 0-0: Called Strike
0-1: Ball
1-1: Called Strike
1-2: Ball
2-2: Strikes out looking
Batting: RHB Scott Carter 0-0: Called Strike
0-1: Fly out, F9 (Line Drive, 89S, EV 96.3 MPH)
Batting: RHB Enrique Villanueva 0-0: Ball
1-0: Called Strike
1-1: Swinging Strike
1-2: Ball
2-2: Foul Ball, location: 3SF
2-2: Ball
3-2: Strikes out swinging
Bottom of the 8th over - 0 runs, 0 hits, 0 errors, 0 left on base; Winnipeg 3 - Sioux Falls 0
TOP OF THE 9TH
Winnipeg Goldeyes batting - Pitching for Sioux Falls Canaries : RHP Kevin Houchin
Pitching: RHP Javier Sierra
Batting: RHB Francisco Cardenas 0-0: Ball
1-0: Ball
2-0: Called Strike
2-1: Ball
3-1: Foul Ball, location: 5FF
3-2: Fly out, F8 (Flyball, 8RD, EV 100.0 MPH)
Batting: LHB Joe Jackson 0-0: Ball
1-0: Fly out, F9 (Flyball, 89S, EV 90.6 MPH)
Batting: RHB Joel Apodaca 0-0: Ball
1-0: Foul Ball, location: 2F
1-1: Ball
2-1: SINGLE (Groundball, 6MD, EV 96.9 MPH)
Batting: RHB Bobby Gallardo 0-0: Swinging Strike
0-1: Called Strike
0-2: SINGLE (Line Drive, 9S, EV 95.6 MPH)
Joel Apodaca to second
Runner from 2nd tries for 3rd, SAFE, throw by RF made to third
Batting: RHB Jairo Lebron 0-0: Fly out, F8 (Line Drive, 8RM, EV 95.0 MPH)
Top of the 9th over - 0 runs, 2 hits, 0 errors, 2 left on base; Winnipeg 3 - Sioux Falls 0
BOTTOM OF THE 9TH
Sioux Falls Canaries batting - Pitching for Winnipeg Goldeyes : RHP Tom Renteria
Pitching: RHP Adam Kemmerer
Batting: RHB Jeff McGraw 0-0: Ball
1-0: Fly out, F7 (Line Drive, 78M, EV 96.3 MPH)
Batting: LHB Scott Sico 0-0: Ball
1-0: Called Strike
1-1: Ball
2-1: Called Strike
2-2: SINGLE (Flyball, 3D, EV 91.3 MPH)
Batting: RHB Sergio Guerrero 0-0: Foul Ball, location: 9LDF
0-1: Grounds into double play, 4-6-3 (Groundball, 4, EV 108.1 MPH)
Bottom of the 9th over - 0 runs, 1 hit, 0 errors, 0 left on base; Winnipeg 3 - Sioux Falls 0
Sunday, May 5th , 2024 - OOTP Baseball 24.11 Build 85